 Dungeon Crawl Stone Soup version 0.26-a0-23-g3ae7099 (webtiles) character file.

Game seed: 11290402855634952432, levelgen mode: deterministic

309 thirtiethelement the Skirmisher (level 6, 0/53 HPs)
             Began as a Gnoll Abyssal Knight on May 27, 2020.
             Was a Follower of Lugonu.
             Slain by a centaur (2 damage)
             ... on level 4 of the Dungeon.
             The game lasted 00:05:12 (2149 turns).

thirtiethelement the Skirmisher (GnAK)              Turns: 2149, Time: 00:05:13

Health: 0/53       AC:  3    Str: 17    XL:     6   Next: 41%
Magic:  9/9        EV: 13    Int: 14    God:    Lugonu [*.....]
Gold:   108        SH:  0    Dex: 14    Spells: 8/8 levels left

rFire    . . .     SeeInvis .   a - +1 hand axe
rCold    . . .     Gourm    .   (no shield)
rNeg     . . .     Faith    .   b - +0 leather armour
rPois    .         Spirit   .   (no helmet)
rElec    .         Reflect  .   (no cloak)
rCorr    .         Harm     .   (no gloves)
MR       .....                  (no boots)
Stlth    ++........             (no amulet)
HPRegen  0.17/turn              l - ring of wizardry
MPRegen  0.11/turn              (no ring)

@: no status effects
A: distributed training, fangs 1, strong nose
a: Depart the Abyss, Renounce Religion


You were on level 4 of the Dungeon.
You worshipped Lugonu.
Lugonu was aware of your devotion.
You were not hungry.

You visited 1 branch of the dungeon, and saw 3 of its levels.
You visited the Abyss 1 time.

You collected 108 gold pieces.

Inventory:

Hand Weapons
 a - a +1 hand axe (weapon)
Armour
 b - a +0 leather armour (worn)
 q - a +0 buckler
Jewellery
 l - a ring of wizardry (left hand)
Wands
 j - a wand of acid (10)
Scrolls
 e - a scroll of amnesia
 h - a scroll of magic mapping
 m - a scroll of identify
 o - a scroll of enchant weapon
Comestibles
 c - 2 rations


   Skills:
 + Level 6.8 Fighting
 + Level 1.9 Short Blades
 + Level 1.9 Long Blades
 + Level 5.0 Axes
 + Level 1.9 Maces & Flails
 + Level 1.9 Polearms
 + Level 1.9 Staves
 + Level 1.9 Slings
 + Level 1.9 Bows
 + Level 1.9 Crossbows
 + Level 1.9 Throwing
 + Level 5.0 Armour
 + Level 3.2 Dodging
 + Level 1.9 Stealth
 + Level 1.9 Shields
 + Level 1.9 Unarmed Combat
 + Level 1.9 Spellcasting
 + Level 1.5 Conjurations
 + Level 1.5 Hexes
 + Level 1.5 Charms
 + Level 1.5 Summonings
 + Level 1.5 Necromancy
 + Level 1.5 Translocations
 + Level 1.5 Transmutations
 + Level 1.5 Fire Magic
 + Level 1.5 Ice Magic
 + Level 1.5 Air Magic
 + Level 1.5 Earth Magic
 + Level 1.5 Poison Magic
 + Level 5.0 Invocations
 + Level 1.9 Evocations


You had 8 spell levels left.
You didn't know any spells.
Your spell library was empty.

Dungeon Overview and Level Annotations

Branches:
Dungeon (2/15)

Altars:
Nemelex Xobeh


Innate Abilities, Weirdness & Mutations

Your experience applies equally to all skills.
You have very sharp teeth.
Your uncanny sense of smell can sniff out nearby items.


Message History

The orc priest hits you with a +0 hand axe.
* * * LOW HITPOINT WARNING * * *
You hit the centaur. You bite the centaur, but do no damage.
The centaur is heavily wounded.
You barely miss the orc priest. The centaur hits you.
* * * LOW HITPOINT WARNING * * *
The orc priest hits you with a +0 hand axe.
* * * LOW HITPOINT WARNING * * *
The centaur misses you.
You hit the centaur but do no damage.
The centaur is heavily wounded.
You hit the orc priest. The centaur hits you.
* * * LOW HITPOINT WARNING * * *
The orc priest hits you but does no damage.
Unknown command.
You hit the centaur.
You punch the centaur, but do no damage.
The centaur is severely wounded.
You hit the orc priest. The centaur barely misses you. The centaur hits you.
You die...

### ..##### ##
......###############..
[.#.#o)......))........
.##...########.####.###
o###### #.##.....## .#
#######.#.......#
o###...........#.o.....#
....o..##.......@co_o...
.###.#.#..####.#.......#
.. #. #.#.......# .##
#.##.....## .# #.#
##.### .. ... ... .. ..#
.#. .# ..# ##


You could see a centaur, an orc priest and 2 orcs.

Vanquished Creatures
  A hungry ghost (Abyss:1)
  An orc priest (D:4)
  2 orc wizards (D:4)
  Terence (D:2)
  2 adders
  An ooze (D:1)
  2 worms (D:2)
  A leopard gecko (D:1)
  2 orcs (D:4)
  A ball python (D:1)
  4 bats (D:1)
  2 giant cockroaches (D:1)
  3 goblins
  3 hobgoblins
  2 jackals (D:1)
  2 quokkas (D:2)
  A frilled lizard (D:1)
  7 kobolds
  3 rats (D:1)
41 creatures vanquished.

Notes
Turn   | Place    | Note
-------+----------+-------------------------------------------
     0 | Abyss:1  | thirtiethelement the Gnoll Abyssal Knight began the quest
                  | for the Orb.
     0 | Abyss:1  | Reached XP level 1. HP: 23/23 MP: 3/3
    43 | Abyss:1  | Noticed a hungry ghost
    62 | Abyss:1  | Noticed an iron imp
    79 | Abyss:1  | Noticed a raiju
    89 | Abyss:1  | Killed a hungry ghost
    89 | Abyss:1  | Reached skill level 1 in Short Blades
    89 | Abyss:1  | Reached skill level 1 in Long Blades
    89 | Abyss:1  | Reached skill level 1 in Maces & Flails
    89 | Abyss:1  | Reached skill level 1 in Polearms
    89 | Abyss:1  | Reached skill level 1 in Staves
    89 | Abyss:1  | Reached skill level 1 in Slings
    89 | Abyss:1  | Reached skill level 1 in Bows
    89 | Abyss:1  | Reached skill level 1 in Crossbows
    89 | Abyss:1  | Reached skill level 1 in Throwing
    89 | Abyss:1  | Reached skill level 1 in Stealth
    89 | Abyss:1  | Reached skill level 1 in Shields
    89 | Abyss:1  | Reached skill level 1 in Unarmed Combat
    89 | Abyss:1  | Reached skill level 1 in Spellcasting
    89 | Abyss:1  | Reached skill level 1 in Conjurations
    89 | Abyss:1  | Reached skill level 1 in Hexes
    89 | Abyss:1  | Reached skill level 1 in Charms
    89 | Abyss:1  | Reached skill level 1 in Summonings
    89 | Abyss:1  | Reached skill level 1 in Necromancy
    89 | Abyss:1  | Reached skill level 1 in Translocations
    89 | Abyss:1  | Reached skill level 1 in Transmutations
    89 | Abyss:1  | Reached skill level 1 in Fire Magic
    89 | Abyss:1  | Reached skill level 1 in Ice Magic
    89 | Abyss:1  | Reached skill level 1 in Air Magic
    89 | Abyss:1  | Reached skill level 1 in Earth Magic
    89 | Abyss:1  | Reached skill level 1 in Poison Magic
    89 | Abyss:1  | Reached skill level 1 in Evocations
    89 | Abyss:1  | Reached XP level 2. HP: 15/29 MP: 5/5
    89 | Abyss:1  | Reached XP level 3. HP: 18/35 MP: 6/6
    89 | Abyss:1  | Reached XP level 4. HP: 22/41 MP: 7/7
    89 | Abyss:1  | Reached XP level 5. HP: 25/47 MP: 8/8
    90 | D:1      | Escaped the Abyss
   430 | D:1      | Reached * piety under Lugonu
  1137 | D:2      | Noticed Terence
  1152 | D:2      | Killed Terence
  1769 | D:2      | You fall into a shaft and drop 2 floors!
  1769 | D:4      | Found a sparkling altar of Nemelex Xobeh.
  1804 | D:4      | Reached skill level 5 in Invocations
  1804 | D:4      | Reached XP level 6. HP: 11/53 MP: 9/9
  2036 | D:4      | Reached skill level 5 in Axes
  2036 | D:4      | Reached skill level 5 in Armour
  2148 | D:4      | HP: 2/53 [centaur (1)]
  2149 | D:4      | Slain by a centaur

Illustrated notes

Levels and vault maps discovered:
D:1:      roderic_crop_circles_arrival_small, layout_basic
D:2:      layout_rooms, minmay_misc_feat_four_crosses, serial_bayou_ford_a,
          uniq_terence
D:4:      layout_loops_ring, old_standard_altar, kennysheep_slug_shrine,
          minmay_temple_entry_water_ring, serial_shops, nicolae_shop_crystal,
          shop, minmay_misc_feat_roman

Skill      XL: |  1  2  3  4  5  6 |
---------------+-------------------+-----
Short Blades   | 1 |  1.9
Long Blades    | 1 |  1.9
Maces & Flails | 1 |  1.9
Polearms       | 1 |  1.9
Staves         | 1 |  1.9
Slings         | 1 |  1.9
Bows           | 1 |  1.9
Crossbows      | 1 |  1.9
Throwing       | 1 |  1.9
Stealth        | 1 |  1.9
Shields        | 1 |  1.9
Unarmed Combat | 1 |  1.9
Spellcasting   | 1 |  1.9
Conjurations   | 1 |  1.5
Hexes          | 1 |  1.5
Charms         | 1 |  1.5
Summonings     | 1 |  1.5
Necromancy     | 1 |  1.5
Translocations | 1 |  1.5
Transmutations | 1 |  1.5
Fire Magic     | 1 |  1.5
Ice Magic      | 1 |  1.5
Air Magic      | 1 |  1.5
Earth Magic    | 1 |  1.5
Poison Magic   | 1 |  1.5
Evocations     | 1 |  1.9
Dodging        | 3 |  3.2
Invocations    | 5 |  5.0
Axes           | 5 |  5.0
Armour         | 5 |  5.0
Fighting       | |  6.8

Action                   |  1- 3 |  4- 6 || total
-------------------------+-------+-------++-------
Melee: Hand axe          |    22 |   139 ||   161
       Bite              |     3 |    16 ||    19
       Punch             |       |     2 ||     2
Invok: Depart the Abyss  |       |     1 ||     1
  Use: Scroll            |       |     6 ||     6
       Potion            |       |     6 ||     6
 Stab: Sleeping          |       |     3 ||     3
  Eat: Ration            |     1 |     1 ||     2
       Chunk             |       |     6 ||     6
Armor: Leather armour    |     7 |    23 ||    30
       Skin              |       |     4 ||     4
Dodge: Dodged            |     9 |    62 ||    71

Table legend:
 A = Non-vault XP
 B = Vault XP
 C = Vault XP percentage of total XP
 D = Non-vault monster count
 E = Vault monster count
 F = Vault count percentage of total count
                 A         B        C        D         E       F
            +---------+---------+-------+---------+---------+-------
      Total |     410 |      32 |   7.2 |      40 |       1 |   2.4
            +---------+---------+-------+---------+---------+-------
        D:1 |      41 |       0 |   0.0 |      22 |       0 |   0.0
        D:2 |      38 |      32 |  45.7 |      11 |       1 |   8.3
        D:4 |     145 |       0 |   0.0 |       6 |       0 |   0.0
    Abyss:1 |     186 |       0 |   0.0 |       1 |       0 |   0.0
            +---------+---------+-------+---------+---------+-------
